 Dungeon Crawl Stone Soup version 0.25-a0-1119-g28b6fd0c3b (webtiles) character file.

Game seed: 486483387648116553, levelgen mode: deterministic

10275 Gebura the Cleaver (level 11, -8/93 HPs)
             Began as a Naga Fighter on May 18, 2020.
             Was an Elder of Hepliaklqana.
             Mangled by a 13-headed hydra (13 damage)
             ... on level 3 of the Lair of Beasts.
             The game lasted 00:42:02 (14816 turns).

Gebura the Cleaver (Naga Fighter)                  Turns: 14816, Time: 00:42:03

Health: -8/93      AC:  9    Str: 22    XL:     11   Next: 59%
Magic:  16/16      EV:  8    Int:  9    God:    Hepliaklqana [****..]
Gold:   583        SH:  4    Dex: 10    Spells: 10/10 levels left

rFire    . . .     SeeInvis +   a - +0 war axe
rCold    . . .     Gourm    .   h - +0 buckler
rNeg     . . .     Faith    .   k - +0 ring mail
rPois    +         Spirit   .   (no helmet)
rElec    .         Reflect  .   G - +0 cloak
rCorr    +         Harm     .   (no gloves)
MR       +....                  (no barding)
Stlth    ..........             D - amulet of the acrobat
HPRegen  0.25/turn              c - ring of resist corrosion
MPRegen  0.15/turn              M - +4 ring of slaying

@: lethally poisoned (-8 -> -18), stab, very slow
A: large, reduced essence, see invisible, deformed body, poison resistance,
slowness 2, slow metabolism 1, spit poison 1, AC +3
a: Spit Poison, Recall Ancestor, Ancestor Identity, Transference, Idealise,
Renounce Religion


You were on level 3 of the Lair of Beasts.
You worshipped Hepliaklqana.
Hepliaklqana was greatly pleased with you.
You were not hungry.

You visited 3 branches of the dungeon, and saw 13 of its levels.

You collected 583 gold pieces.

Inventory:

Hand Weapons
 a - a +0 war axe (weapon)
 z - a +3 rapier
Missiles
 t - 6 javelins
 y - 14 poisoned darts (quivered)
Armour
 h - a +0 buckler (worn)
 k - a +0 ring mail (worn)
 G - a +0 cloak (worn)
Jewellery
 c - a ring of resist corrosion (left hand)
 D - an amulet of the acrobat (around neck)
 M - a +4 ring of slaying (right hand)
Wands
 d - a wand of polymorph (17)
 w - a wand of clouds (12)
 A - a wand of paralysis (13)
 E - a wand of random effects (35)
 L - a wand of disintegration (16)
Scrolls
 e - 8 scrolls of identify
 j - 3 scrolls of fog {unknown}
 l - 9 scrolls of remove curse
 q - 2 scrolls of fear {unknown}
 r - 3 scrolls of amnesia
 s - 4 scrolls of magic mapping {unknown}
 u - 3 scrolls of enchant weapon
 B - 3 scrolls of random uselessness {unknown}
 F - 3 scrolls of holy word {unknown}
 H - a scroll of blinking {unknown}
 K - 2 scrolls of enchant armour {unknown}
 N - a scroll of summoning {unknown}
Potions
 b - a potion of lignification {unknown}
 i - 2 potions of brilliance
 m - a potion of ambrosia {unknown}
 n - 2 potions of flight
 o - 3 potions of stabbing
 p - 2 potions of cancellation
 x - a potion of resistance {unknown}
 C - 3 potions of heal wounds
 I - a potion of magic {unknown}
 J - a potion of mutation
 O - a potion of haste
Comestibles
 f - 21 rations


   Skills:
 + Level 8.5 Fighting
 * Level 11.4 Axes
 + Level 7.2 Armour
 - Level 4.0 Shields
 + Level 7.9 Invocations


You had 10 spell levels left.
You didn't know any spells.
Your spell library was empty.

Dungeon Overview and Level Annotations

Branches:
Dungeon (9/15)             Temple (1/1) D:4            Lair (3/6) D:9
  Swamp: Lair:2-4    Shoals: Lair:2-4     Snake: Lair:2-4    Spider: Lair:2-4
    Orc: D:9-12

Altars:
Ashenzari
Cheibriados
Dithmenos
Elyvilon
Fedhas
Gozag
Hepliaklqana
Kikubaaqudgha
Makhleb
Nemelex Xobeh
Okawaru
Qazlal
Ru
Sif Muna
Trog
Uskayaw
Vehumet
Wu Jian
Xom
Yredelemnul
Zin
The Shining One
Beogh

Shops:
D:4 :

Annotations:
D:3 3 runed translucent doors, exclusion: 2 downstairs, PirateVox's ghost, amateur GnVM
D:4 3 runed translucent doors, WobbleTop's ghost, amateur FoIE
D:6 exclusion: downstairs
D:9 1 runed translucent door, Mrkan's ghost, novice GnFi
Lair:2 3 exclusions


Innate Abilities, Weirdness & Mutations

You cannot wear boots.
Your serpentine skin is tough. (AC +3)
You have supernaturally acute eyesight. (SInv)
Armour fits poorly on your strangely shaped body.
Your system is resistant to poisons. (rPois)
You cover ground very slowly.
You have a slow metabolism.
You can spit poison.
Your life essence is reduced to manifest your ancestor. (-10% HP)


Message History

The helpless 12-headed hydra fails to defend itself.
You slice one of the 12-headed hydra's heads off!
The 11-headed hydra grows two more!
You slice the 13-headed hydra!!
The 13-headed hydra is moderately wounded.
You slash the porcupine!
You feel sick.
The 13-headed hydra is no longer paralysed.
The porcupine splashes around in the water.
The 13-headed hydra closely misses you. The 13-headed hydra bites you.
* * * LOW HITPOINT WARNING * * *
The 13-headed hydra bites you.
* * * LOW HITPOINT WARNING * * *
You block the 13-headed hydra's attack. The 13-headed hydra bites you!
* * * LOW HITPOINT WARNING * * *
You block the 13-headed hydra's attack. The 13-headed hydra bites you!
* * * LOW HITPOINT WARNING * * *
The 13-headed hydra barely misses you.
The 13-headed hydra completely misses you.
The 13-headed hydra bites you but does no damage.
The 13-headed hydra barely misses you. x2; The 13-headed hydra bites you!
You die...

#.....♣.≈.≈.≈.≈.≈♣#
....♣...≈..≈≈.≈≈≈♣ ##
#.♣..≈≈..≈.≈≈..≈≈.
#.##..≈.≈.≈≈≈...≈.≈.♣
#...♣..≈.≈...≈≈F.≈.≈≈
###...≈≈..≈.≈.≈.≈.≈≈..
##.##.....§≈..≈.≈≈..≈≈
#......r§§§.≈≈.≈..≈≈..
###...@§§§§.≈.≈.≈.≈..≈
####♣D§§§.≈≈≈...≈.≈
#...♣.≈§≈...≈≈≈.
#...♣≈≈..≈≈.≈..
......♣≈≈≈.≈≈..
##.##.. ♣≈.≈.≈. ## ..
♣.≈.≈ .. .♣.♣ ## #.♣


You could see a 13-headed hydra and a porcupine.

Vanquished Creatures
  Harold (D:7)
  A black mamba (Lair:3)
  2 spiny frogs
  A human (D:8)
  A bog body (Lair:2)
  4 blink frogs (Lair:3)
  6 yaks (Lair:2)
  Eustachio (D:6)
  A fire bat (Lair:2)
  A hog (D:8)
  A hungry ghost (D:8)
  4 porcupines
  4 water moccasins
  2 ice beasts
  A sky beast (D:5)
  An orc warrior (D:9)
  A phantom (D:5)
  6 ogres
  A crocodile (Lair:2)
  A big kobold (D:9)
  4 bullfrogs
  2 scorpions
  3 killer bees (D:8)
  2 howler monkeys
  2 wights (D:7)
  3 crimson imps
  A jelly (D:8)
  An orc priest (D:4)
  5 hounds
  An iguana (D:8)
  2 orc wizards
  A centaur skeleton (D:4)
  2 worker ants (D:4)
  A hound skeleton (D:6)
  A worker ant zombie (D:5)
  2 howler monkey skeletons
  A gnoll (D:4)
  9 adders
  4 oozes
  An adder zombie (D:4)
  An adder skeleton (D:4)
  6 worms
  2 dart slugs
  A leopard gecko (D:4)
  14 orcs
  7 giant cockroaches
  8 hobgoblins
  15 jackals
  3 quokkas
  2 ball pythons
  8 bats
  9 frilled lizards
  8 goblins
  10 kobolds
  A quokka zombie (D:6)
  12 rats
  A fungus (Lair:2)
197 creatures vanquished.

Vanquished Creatures (collateral kills)
  A spiny frog (Lair:1)
  A komodo dragon (Lair:1)
  A hippogriff (D:7)
  4 yaks (Lair:2)
  A hungry ghost (D:8)
  2 hogs (D:8)
  2 water moccasins
  A porcupine (Lair:1)
  A centaur (D:9)
  2 ogres
  A crocodile (Lair:2)
  3 bullfrogs
  2 killer bees (D:8)
  3 wights (D:7)
  A hound (D:8)
  2 orc wizards (D:9)
  2 bullfrog skeletons
  Ijyb (D:5)
  An iguana (D:5)
  3 adders
  A howler monkey skeleton (D:7)
  3 adder skeletons
  A worm (D:4)
  A leopard gecko (D:7)
  2 orcs
  A giant cockroach (D:8)
  A jackal (D:9)
  A kobold (D:9)
46 creatures vanquished.

Vanquished Creatures (others)
  A hog (D:8)
  An ogre (D:6)
  5 hexers
  2 ancestors
  2 fungi
  3 plants (Lair:3)
14 creatures vanquished.

Grand Total: 257 creatures vanquished

Notes
Turn   | Place    | Note
-------+----------+-------------------------------------------
     0 | D:1      | Gebura the Naga Fighter began the quest for the Orb.
     0 | D:1      | Reached XP level 1. HP: 21/21 MP: 1/1
   218 | D:1      | Reached XP level 2. HP: 28/28 MP: 2/2
   812 | D:1      | Reached XP level 3. HP: 33/34 MP: 3/3
  1326 | D:2      | Reached skill level 3 in Axes
  1417 | D:2      | Reached XP level 4. HP: 30/42 MP: 4/4
  2283 | D:2      | Reached XP level 5. HP: 34/50 MP: 5/5
  2707 | D:3      | Found a runed translucent gate.
  2708 | D:3      | Found a runed translucent gate.
  2709 | D:3      | Found a runed translucent gate.
  3034 | D:3      | Found a glowing golden altar of the Shining One.
  3234 | D:3      | Noticed PirateVox's ghost (amateur GnVM)
  3270 | D:3      | Reached skill level 4 in Axes
  3735 | D:4      | Noticed an ogre
  3870 | D:4      | Found Hamiohua's Book Boutique.
  3924 | D:4      | Found a shadowy altar of Dithmenos.
  3936 | D:4      | Identified the +6 mace of the Black Skies {speed, +Rage
                  | rElec Str-3 SInv}
  3936 | D:4      | Identified the +4 ring mail of the Disturbing Deaths
                  | {Regen+ Stlth+}
  3938 | D:4      | Noticed WobbleTop's ghost (amateur FoIE)
  3939 | D:4      | Found a runed translucent gate.
  3940 | D:4      | Found a runed translucent gate.
  4006 | D:4      | Found a white marble altar of Elyvilon.
  4011 | D:4      | Reached XP level 6. HP: 57/57 MP: 6/6
  4498 | D:5      | Entered Level 5 of the Dungeon
  4499 | D:5      | Noticed a sky beast
  4519 | D:5      | Killed a sky beast
  4702 | D:4      | Reached XP level 7. HP: 50/64 MP: 7/7
  4786 | D:4      | Found a staircase to the Ecumenical Temple.
  4793 | Temple   | Entered the Ecumenical Temple
  4841 | Temple   | Became a worshipper of Hepliaklqana the Forgotten
  5082 | D:5      | Noticed Ijyb
  5096 | D:5      | Killed Ijyb
  5096 | D:5      | Reached skill level 5 in Axes
  5405 | D:5      | Reached * piety under Hepliaklqana
  5525 | D:5      | Reached skill level 1 in Invocations
  6363 | D:6      | Found a shimmering altar of Xom.
  6369 | D:6      | Reached XP level 8. HP: 49/65 MP: 9/9
  6418 | D:6      | Reached skill level 6 in Axes
  6419 | D:6      | Noticed Eustachio
  6514 | D:6      | Reached skill level 5 in Fighting
  6968 | D:6      | Killed Eustachio
  7261 | D:6      | Found a sacrificial altar of Ru.
  7261 | D:6      | Found a hide-covered altar of Uskayaw.
  7455 | D:7      | Reached ** piety under Hepliaklqana
  7476 | D:7      | Got a spiked kite shield
  7567 | D:7      | Identified the cursed +0 kite shield "Zentim" {+Inv Str+6
                  | Dex-5} (You found it on level 7 of the Dungeon)
  7582 | D:7      | Noticed Harold
  7823 | D:7      | Killed Harold
  7823 | D:7      | Reached skill level 7 in Axes
  7823 | D:7      | Reached skill level 5 in Armour
  7823 | D:7      | Reached XP level 9. HP: 55/73 MP: 10/12
  8408 | D:7      | Reached skill level 8 in Axes
  8829 | D:7      | Remembered your ancestor Chakide as a hexer
  9177 | D:8      | Reached skill level 5 in Invocations
  9210 | D:8      | Reached XP level 10. HP: 70/82 MP: 12/14
  9291 | D:8      | Reached skill level 9 in Axes
  9671 | D:8      | Found a stormy altar of Qazlal.
  9672 | D:8      | Found an iron altar of Okawaru.
 10088 | D:4      | You fall into a shaft and drop 1 floor!
 10416 | D:4      | Found a runed translucent gate.
 10418 | D:4      | Identified the +1 scimitar of Subjectivity {drain, rF++ MR+
                  | Dex+4}
 10418 | D:4      | Identified the +7 plate armour of Nobility {Str+3}
 10419 | D:4      | Reached *** piety under Hepliaklqana
 10420 | D:4      | Found a roughly hewn altar of Beogh.
 10882 | D:9      | Found a basalt altar of Yredelemnul.
 11145 | D:9      | Found a glowing silver altar of Zin.
 11536 | D:9      | Found a staircase to the Lair.
 11542 | D:9      | Found a runed translucent door.
 11544 | D:9      | Noticed Mrkan's ghost (novice GnFi)
 11561 | Lair:1   | Entered Level 1 of the Lair of Beasts
 11750 | Lair:1   | Noticed a spiny frog
 11762 | Lair:1   | Killed a spiny frog
 11762 | Lair:1   | Reached skill level 10 in Axes
 11990 | Lair:1   | Noticed a spiny frog
 12000 | Lair:1   | Killed a spiny frog
 12920 | Lair:2   | Reached **** piety under Hepliaklqana
 12939 | Lair:2   | Reached XP level 11. HP: 92/92 MP: 16/16
 13526 | Lair:2   | Found a shimmering altar of Xom.
 13545 | Lair:2   | Reached skill level 11 in Axes
 14486 | Lair:3   | Noticed a death yak
 14486 | Lair:3   | Noticed a death yak
 14486 | Lair:3   | Noticed a death yak
 14488 | Lair:3   | Noticed a death yak
 14800 | Lair:3   | Noticed a five-headed hydra
 14816 | Lair:3   | Mangled by a 13-headed hydra

Illustrated notes

Levels and vault maps discovered:
D:1:      roderic_dead_forest, layout_basic
D:2:      layout_rooms, chequers_serial_rivers_small_b,
          minmay_misc_feat_hallway, nrook_loot_triangle
D:3:      layout_basic, nicolae_tso_carved_into_rock, first_ration,
          gammafunk_ghost_icy
D:4:      minmay_octagon_keep, layout_rooms, overflow_temple_1_default,
          elyvilon_altar_5, minmay_temple_entry_large_hall,
          biasface_ghost_orc_armoury, serial_shops, nicolae_shop_crystal
D:5:      layout_loops_corners, uniq_ijyb
D:6:      layout_loops_cross, gammafunk_temple_overflow_pools,
          chequers_decorated_corner, hangedman_decor_opposing, xom_teletrap_fun,
          uniq_eustachio
D:7:      layout_rooms, uniq_harold
D:8:      layout_basic, amethyst_overflow_temple_binary, grunt_livestock
D:9:      layout_rooms, nicolae_overflow_crystal_walls, lair_entry_dummy,
          ebering_ghost_reflecting_pool, yredelemnul_altar_generic
Temple:   nicolae_temple_great_sept
Lair:1:   layout_misc_corridors, minivault_26
Lair:2:   layout_regular_city, nicolae_swamp_entry_splash_gauntlet, basic_altar,
          nicolae_volcano_entry_batcave, small_statue_intersection
Lair:3:   layout_layer_cave, serial_rivers, chequers_serial_rivers_micro_e,
          chequers_serial_rivers_micro_b, chequers_serial_rivers_small_a,
          chequers_serial_rivers_micro_d, chequers_serial_rivers_micro_c,
          nicolae_quartered_pool_super

Skill      XL: |  1  2  3  4  5  6  7  8  9 10 11 |
---------------+----------------------------------+-----
Axes           | 3 4 5 7 8 10 11 | 11.4
Armour         | 3 4 5 6 7 |  7.2
Shields        | 3 4 |  4.0
Fighting       | 4 6 7 8 |  8.5
Invocations    | 1 4 5 7 |  7.9

Action                   |  1- 3 |  4- 6 |  7- 9 | 10-12 || total
-------------------------+-------+-------+-------+-------++-------
Melee: War axe           |   106 |   264 |    51 |   184 ||   605
       Rapier            |       |       |   188 |    95 ||   283
Throw: Javelin           |       |     3 |       |       ||     3
Invok: Ancestor Life: He |       |       |     1 |       ||     1
       Recall Ancestor   |       |       |       |     2 ||     2
Evoke: Wand              |       |       |     7 |     8 ||    15
  Use: Scroll            |       |     6 |     6 |     9 ||    21
       Potion            |       |     2 |     1 |     4 ||     7
 Stab: Distracted        |       |       |     2 |       ||     2
       Paralysed         |       |       |    10 |     6 ||    16
       Confused          |       |       |       |     6 ||     6
       Sleeping          |       |       |       |     3 ||     3
  Eat: Chunk             |     1 |     9 |    12 |    12 ||    34
       Ration            |       |       |     1 |     1 ||     2
Armor: Scale mail        |    15 |       |       |       ||    15
       Ring mail         |    26 |   135 |    88 |    95 ||   344
Dodge: Dodged            |    29 |    84 |    99 |   146 ||   358
Block: Kite shield       |    44 |   150 |       |       ||   194
       Buckler           |       |     3 |    47 |    65 ||   115

Table legend:
 A = Non-vault XP
 B = Vault XP
 C = Vault XP percentage of total XP
 D = Non-vault monster count
 E = Vault monster count
 F = Vault count percentage of total count
                 A         B        C        D         E       F
            +---------+---------+-------+---------+---------+-------
      Total |   11961 |    2718 |  18.5 |     222 |      20 |   8.3
            +---------+---------+-------+---------+---------+-------
        D:1 |      54 |       0 |   0.0 |      27 |       0 |   0.0
        D:2 |     132 |       0 |   0.0 |      27 |       0 |   0.0
        D:3 |     122 |       0 |   0.0 |      28 |       0 |   0.0
        D:4 |     319 |     387 |  54.8 |      19 |      11 |  36.7
        D:5 |     456 |      36 |   7.3 |      11 |       1 |   8.3
        D:6 |     683 |     203 |  22.9 |      13 |       1 |   7.1
        D:7 |     825 |     987 |  54.5 |      14 |       1 |   6.7
        D:8 |    1217 |     641 |  34.5 |      23 |       4 |  14.8
        D:9 |     832 |       0 |   0.0 |      24 |       0 |   0.0
     Lair:1 |    1931 |       0 |   0.0 |       9 |       0 |   0.0
     Lair:2 |    2998 |     464 |  13.4 |      17 |       2 |  10.5
     Lair:3 |    2392 |       0 |   0.0 |      10 |       0 |   0.0
            +---------+---------+-------+---------+---------+-------
